 Dungeon Sprint DCSS version 0.29-a0-824-gd827844252 (webtiles) character file.

Game seed: 10896565899718980907

1481 Ayihk420 the Cleaver (level 8, 0/133 HPs)
             Began as a Minotaur Berserker on July 9, 2022.
             Was an Elder of Trog.
             Slain by a demonic crawler (4 damage)
             ... in the Dungeon (Sprint I: "Red Sonja").
             The game lasted 00:02:57 (1383 turns).

Ayihk420 the Cleaver (Minotaur Berserker)           Turns: 1383, Time: 00:02:57

Health: 0/133      AC:  4    Str: 24    XL:     8   Next: 50%
Magic:  7/7        EV: 13    Int:  4    God:    Trog [****..]
Gold:   405        SH:  0    Dex: 10    Spells: 7/7 levels left

rFire   . . .      SeeInvis .   a - +0 hand axe
rCold   . . .      Faith    .   (no shield)
rNeg    . . .      Spirit   .   j - +0 leather armour
rPois   .          Reflect  .   (helmet restricted)
rElec   .          Harm     .   (no cloak)
rCorr   .          Rampage  .   (no gloves)
Will    .....      NoTele   +   (no boots)
Stlth   ..........              (no amulet)
HPRegen 0.32/turn               (no ring)
MPRegen 0.10/turn               (no ring)

@: berserking (expiring), very quick
A: horns 2, retaliatory headbutt
a: Renounce Religion, Berserk, Trog's Hand, Brothers in Arms


You were in the Dungeon.
You worshipped Trog.
Trog was greatly pleased with you.
You visited 1 branch You collected 405 gold pieces.

Inventory:

Hand Weapons
 a - a +0 hand axe (weapon)
Armour
 b - a +0 animal skin
 j - a +0 leather armour (worn)
Wands
 i - a wand of light (10)
 k - a wand of digging (8)
Scrolls
 h - a scroll of blinking
Potions
 c - a potion of curing
 d - a potion of heal wounds
 e - a potion of haste
 f - 2 potions of magic
 g - a potion of berserk rage
 l - a potion of mutation


   Skills:
 + Level 14.2 Fighting
 + Level 14.9 Axes
 + Level 7.9 Armour
 + Level 7.0 Dodging
 + Level 1.1 Stealth


You had 7 spell levels left.
You didn't know any spells.
Your spell library was empty.

Dungeon Overview and Level Annotations

Branches:
Dungeon (1/1)

Altars:
Cheibriados
Dithmenos
Elyvilon
Fedhas
Gozag
Hepliaklqana
Kikubaaqudgha
Makhleb
Nemelex Xobeh
Okawaru
Qazlal
Ru
Sif Muna
Trog
Uskayaw
Vehumet
Wu Jian
Xom
Yredelemnul
Zin
The Shining One
Jiyva
Lugonu

Shops:
D *


Innate Abilities, Weirdness & Mutations

You have a pair of horns on your head.
You reflexively headbutt those who attack you in melee.


Message History

You hit the demonic crawler.
The demonic crawler is lightly wounded.
You hit the demonic crawler. You hit the demonic crawler.
Your headbutt misses the demonic crawler.
The demonic crawler is lightly wounded.
You barely miss the demonic crawler. The demonic crawler barely misses you.
The demonic crawler hits you. The demonic crawler hits you!
The demonic crawler hits you. The demonic crawler barely misses you.
The demonic crawler hits you but does no damage.
You are too berserk!
You hit the demonic crawler.
You headbutt the demonic crawler, but do no damage.
The demonic crawler is lightly wounded.
You slash the demonic crawler! You hit the demonic crawler.
The demonic crawler is moderately wounded.
You hit the demonic crawler but do no damage.
The demonic crawler barely misses you. x2; The demonic crawler hits you.
The demonic crawler hits you! x2; The demonic crawler hits you.
* * * LOW HITPOINT WARNING * * *
You barely miss the demonic crawler.
The demonic crawler is moderately wounded.
You hit the demonic crawler but do no damage.
A gargoyle comes into view. It is wielding a +0 mace.
You slash the demonic crawler!
The demonic crawler is moderately wounded.
You hit the demonic crawler but do no damage.
The demonic crawler hits you.
* * * LOW HITPOINT WARNING * * *
The demonic crawler hits you but does no damage.
The demonic crawler hits you!
* * * LOW HITPOINT WARNING * * *
The demonic crawler shrieks in warning!
You are too berserk!
The demonic crawler barely misses you. You furiously retaliate!
You headbutt the demonic crawler! The demonic crawler hits you!
* * * LOW HITPOINT WARNING * * *
The demonic crawler hits you.
You die...

###################
).#..'..#__#..')..#
..').#..'..'..#).s##+#
#'#####'#__####.@.ss.#
..#...#.#### #####9.+
###..##)# ## __##'#_.+
...'..._# __##_.#'#
__###+#.# ### ###


You could see 3 demonic crawlers and a gargoyle.

Vanquished Creatures
  A demonic crawler (D)
  2 kobold demonologists (D)
  A slime creature (D)
  Sigmund (D)
  A yak (D)
  A floating eye (D)
  An ogre (D)
  A jelly (D)
  Ijyb (D)
10 creatures vanquished.

Vanquished Creatures (others)
  A gargoyle (D)
1 creature vanquished.

Grand Total: 11 creatures vanquished

Notes
Turn   | Place    | Note
-------+----------+-------------------------------------------
     0 | D        | Ayihk420 the Minotaur Berserker began the quest for the
                  | Orb.
     0 | D        | Reached XP level 1. HP: 19/19 MP: 0/0
     2 | D        | Noticed Ijyb
     7 | D        | Killed Ijyb
     8 | D        | Reached skill level 5 in Fighting
     8 | D        | Reached skill level 5 in Axes
     8 | D        | Reached XP level 2. HP: 11/29 MP: 1/1
   446 | D        | Noticed an ogre
   452 | D        | Killed an ogre
   453 | D        | Reached XP level 3. HP: 25/40 MP: 2/2
   453 | D        | Reached XP level 4. HP: 30/48 MP: 3/3
   726 | D        | Noticed Sigmund
   729 | D        | Killed Sigmund
   729 | D        | Reached ** piety under Trog
   730 | D        | Reached skill level 10 in Axes
   730 | D        | Reached skill level 5 in Armour
   730 | D        | Reached XP level 5. HP: 58/58 MP: 4/4
   744 | D        | Found an ornate altar of the Wu Jian Council.
   744 | D        | Found a shimmering blue altar of Sif Muna.
   746 | D        | Found a radiant altar of Vehumet.
   749 | D        | Reached skill level 10 in Fighting
   749 | D        | Reached XP level 6. HP: 66/66 MP: 5/5
   761 | D        | Found Soffoq's Assorted Antiques.
   761 | D        | Found an ancient bone altar of Kikubaaqudgha.
   761 | D        | Found a hazy altar of Hepliaklqana.
   761 | D        | Found a stormy altar of Qazlal.
   761 | D        | Found a hide-covered altar of Uskayaw.
   761 | D        | Found a blossoming altar of Fedhas.
   761 | D        | Found a bloodstained altar of Trog.
   761 | D        | Found an iron altar of Okawaru.
   761 | D        | Found a basalt altar of Yredelemnul.
   761 | D        | Found a glowing golden altar of the Shining One.
   761 | D        | Found a snail-covered altar of Cheibriados.
   761 | D        | Found a sacrificial altar of Ru.
   761 | D        | Found a glowing silver altar of Zin.
   761 | D        | Found a shadowy altar of Dithmenos.
   761 | D        | Found a white marble altar of Elyvilon.
   761 | D        | Noticed a yak
   767 | D        | Killed a yak
   768 | D        | Reached skill level 5 in Dodging
   769 | D        | Found an opulent altar of Gozag.
   783 | D        | Killed a gargoyle
   785 | D        | Found a sparkling altar of Nemelex Xobeh.
   840 | D        | Found a burning altar of Makhleb.
   840 | D        | Found a viscous altar of Jiyva.
   840 | D        | Found a shimmering altar of Xom.
   840 | D        | Found a corrupted altar of Lugonu.
   840 | D        | Noticed a slime creature
   855 | D        | Killed a slime creature
   856 | D        | Reached XP level 7. HP: 16/75 MP: 6/6
  1252 | D        | Noticed a kobold demonologist
  1253 | D        | Noticed a kobold demonologist
  1254 | D        | Noticed an orange demon
  1260 | D        | Killed a kobold demonologist
  1260 | D        | Reached *** piety under Trog
  1269 | D        | Killed a kobold demonologist
  1270 | D        | Reached skill level 1 in Stealth
  1270 | D        | Reached XP level 8. HP: 64/86 MP: 7/7
  1369 | D        | Noticed a demonic crawler
  1369 | D        | Noticed a demonic crawler
  1369 | D        | Noticed a demonic crawler
  1369 | D        | Noticed a demonic crawler
  1376 | D        | Killed a demonic crawler
  1376 | D        | Reached **** piety under Trog
  1381 | D        | Noticed a gargoyle
  1383 | D        | HP: 4/133 [demonic crawler (11)]
  1383 | D        | Slain by a demonic crawler

Illustrated notes

Levels and vault maps discovered:
D:        dungeon_sprint_1 [red_sonja_temple_1, red_sonja_temple_small_1]

Skill      XL: |  1  2  3  4  5  6  7  8 |
---------------+-------------------------+-----
Fighting       | 5 7 9 10 11 13 14 | 14.2
Axes           | 5 7 10 12 14 | 14.9
Armour         | 3 4 5 6 7 |  7.9
Dodging        | 3 4 5 6 7 |  7.0
Stealth        | 1 |  1.1

Action                   |  1- 3 |  4- 6 |  7- 9 || total
-------------------------+-------+-------+-------++-------
Melee: Hand axe          |     8 |    23 |    29 ||    60
       Headbutt          |     1 |    11 |     6 ||    18
       Punch             |       |     1 |       ||     1
Invok: Berserk           |     2 |     2 |     2 ||     6
  Use: Scroll            |       |     1 |       ||     1
Armor: Leather armour    |       |     1 |     5 ||     6
Dodge: Dodged            |     2 |     6 |    14 ||    22

Table legend: (Time is in decaauts)
 A = Elapsed time spent in this place.
 B = Non-inter-level travel time spent in this place.
 C = Inter-level travel time spent in this place.
 D = Time resting spent in this place.
 E = Time spent auto-exploring this place.
 F = Levels seen in this place.
 G = Mean time per level.
                   A        B        C        D        E       F      G
               +--------+--------+--------+--------+--------+-----+--------+
         Total |   1414 |   1414 |      0 |   1218 |      0 |   1 | 1414.0 |
       Dungeon |   1414 |   1414 |      0 |   1218 |      0 |   1 | 1414.0 |
               +--------+--------+--------+--------+--------+-----+--------+

Top non-repeatable levels by time:
       D: 1414 daAuts
